 Dungeon Crawl Stone Soup version 0.17-a0-744-gaa96792 (webtiles) character file.

92 ahoge the Cudgeler (level 4, 0/28 HPs)
             Began as a Gargoyle Berserker on Apr 21, 2015.
             Was a Believer of Trog.
             Slain by an adder (3 damage)
             ... on level 3 of the Dungeon.
             The game lasted 00:09:04 (1094 turns).

ahoge the Cudgeler (Gargoyle Berserker)             Turns: 1094, Time: 00:09:07

Health: 0/28       AC:  9    Str: 20    XL:     4   Next: 60%
Magic:  4/4        EV: 11    Int:  8    God:    Trog [**....]
Gold:   110        SH:  0    Dex: 10    Spells: 0 memorised, 3 levels left

rFire  . . .     SeeInvis .     a - +0 mace
rCold  . . .     Clarity  .     i - +0 ring mail (curse)
rNeg   + . .     SustAb   .     (no shield)
rPois  ∞         Gourm    .     (no helmet)
rElec  +         Spirit   .     (no cloak)
rCorr  .         Warding  .     (no gloves)
rMut   .         Stasis   .     (no boots)
MR     .....                    (no amulet)
Stlth  ..........               (no ring)
                                (no ring)

@: exhausted, slowed, very slow, not resistant to hostile enchantments,
extremely unstealthy
A: negative energy resistance 1, electricity resistance, unbreathing,
petrification resistance, rot immunity, AC +3
a: Burn Spellbooks, Berserk, Trog's Hand, Renounce Religion


You were on level 3 of the Dungeon.
You worshipped Trog.
Trog was pleased with you.
You were very hungry.

You visited 1 branch of the dungeon, and saw 3 of its levels.

You collected 110 gold pieces.

Inventory:

Hand weapons
 a - a +0 mace (weapon)
Armour
 b - a +0 animal skin
 g - a +0 large shield
 i - a cursed +0 ring mail (worn)
Scrolls
 e - a scroll of identify
Potions
 f - a potion of curing {unknown}
 h - 3 potions of haste {unknown}
 j - a potion of might {unknown}
Comestibles
 c - 2 bread rations
 d - 6 chunks of flesh


   Skills:
 - Level 3.2 Fighting
 + Level 5.2 Maces & Flails
 - Level 2.1 Armour
 - Level 1.5 Dodging


You had 3 spell levels left.
You didn't know any spells.

Dungeon Overview and Level Annotations

Branches:
Dungeon (3/15)

Altars:


Innate Abilities, Weirdness & Mutations

You are resistant to torment.
Your stone body is resilient (AC +3).
You are immune to poison.
You resist negative energy.
You are resistant to electric shocks.
You can survive without breathing.
You are immune to petrification.
You are immune to rotting.


Message History

The adder bites you.
* * * LOW HITPOINT WARNING * * *
The gnoll hits you with a club.
* * * LOW HITPOINT WARNING * * *
Some of the chunks of flesh in your inventory have rotted away.
You continue putting on your +0 large shield.
You are feeling very hungry.
The orc closely misses you. The gnoll hits you but does no damage.
The adder barely misses you. The gnoll hits you but does no damage.
The adder bites you but does no damage.
The orc hits you from afar with a trident of flaming.
* * * LOW HITPOINT WARNING * * *
The orc burns you.
* * * LOW HITPOINT WARNING * * *
The gnoll hits you but does no damage.
You continue putting on your +0 large shield.
Your skin stops crawling.
You feel less resistant to hostile enchantments.
The adder bites you.
You die...

....##..#
.....#...#
......#<..#
......#...#
........#
.#.)†..#
.g#go.#
#g#g..#
#@#g..#
#Sgo..#
#.....#
.%.........
#.#.........
#.#.#.......
. #........
. #+#.....
.....


You could see 3 gnolls, an adder and an orc.

Vanquished Creatures
  An orc priest (D:3)
  An adder (D:2)
  An ooze (D:1)
  An orc (D:3)
  A ball python (D:2)
  7 hobgoblins
  3 jackals (D:1)
  11 kobolds
  A quokka (D:2)
  4 bats
  A giant cockroach (D:1)
  A giant gecko (D:1)
  3 giant newts
  5 goblins
  4 rats
45 creatures vanquished.

Notes
Turn   | Place    | Note
--------------------------------------------------------------
     0 | D:1      | ahoge, the Gargoyle Berserker, began the quest for the Orb.
     0 | D:1      | Reached XP level 1. HP: 14/14 MP: 1/1
    59 | D:1      | Reached XP level 2. HP: 6/19 MP: 2/2
   349 | D:1      | Reached skill level 4 in Maces & Flails
   417 | D:1      | Reached XP level 3. HP: 23/23 MP: 3/3
   787 | D:2      | Acquired Trog's second power
  1067 | D:2      | You fall through a shaft!
  1081 | D:3      | Reached skill level 5 in Maces & Flails
  1081 | D:3      | Reached XP level 4. HP: 11/28 MP: 4/4
  1094 | D:3      | Slain by an adder

Action                   |  1- 3 |  4- 6 || total
-------------------------+-------+-------++-------
Melee: Mace              |   134 |     4 ||   138
Invok: Berserk           |     2 |       ||     2
       Trog's Hand       |     1 |       ||     1
  Use: Scroll            |       |     1 ||     1
  Eat: Chunk             |     2 |       ||     2
